WCHLSIM.com - West Coast Hockey League
html PUBLIC "-//W3C//DTD XHTML 1.0 Transitional//EN" "http://www.w3.org/TR/xhtml1/DTD/xhtml1-transitional.dtd"> WCHL - Game 18 - LONG BEACH BARACUDAS vs SASKATOON DUCKS

LONG BEACH BARACUDAS vs SASKATOON DUCKS

Created - 29 mai 2021 at 06:40

Goals
1 2 3 T
LONG BEACH BARACUDAS 1 0 2 3
SASKATOON DUCKS 1 0 0 1
Shots
1 2 3 T
LONG BEACH BARACUDAS 10 11 15 36
SASKATOON DUCKS 10 4 6 20

1st period

1. LONG BEACH BARACUDAS , Kyle Palmieri 2 (Alex Pietrangelo 1, Derek Stepan 2) at 17:33
2. SASKATOON DUCKS , Joe Thornton 3 (Jakub Vrana 2, Alex Goligoski 2) at 18:45

Penalties :
Blake Comeau (SAS) for High sticking (Double Minor) at 12:18

2nd period

No Goal

Penalties :
Jakub Vrana (SAS) for Cross-checking (Minor) at 0:12, Radko Gudas (SAS) for Hooking (Minor) at 5:51

3rd period

3. LONG BEACH BARACUDAS , Taylor Hall 2 (Brock Nelson 2, Andreas Johnsson 1) at 13:32
4. LONG BEACH BARACUDAS , Taylor Hall 3 (Andreas Johnsson 2, Brock Nelson 3) at 14:27

Penalties :
Brandon Montour (LOB) for Roughing (Minor) at 4:29, Ryan Strome (SAS) for Hooking (Minor) at 7:15, Zdeno Chara (SAS) for Hooking (Minor) at 16:19

Goalie Stats

Jonathan Quick (LOB), 19 saves from 20 shots - (0,950), W, 2-0-1, 60:00 minutes
Jordan Binnington (SAS), 33 saves from 36 shots - (0,917), L, 1-2-0, 60:00 minutes

Players Stats for LONG BEACH BARACUDAS

Player Name              G  A  P  +/- PIM S  H  SB GA TA FO     MP     PP MP  PK MP  
------------------------------------------------------------------------------------
Alex Pietrangelo         0  1  1   1  0   1  4  0  0  0  0/0    24:44   6:18   1:10 
Alexandre Texier         0  0  0  -1  0   0  0  0  0  0  0/0     5:54   0:00   0:00 
Andreas Johnsson         0  2  2   2  0   3  2  0  0  0  0/4    21:09   6:32   0:00 
Ben Hutton               0  0  0   2  0   1  0  0  0  0  0/0    15:56   0:00   0:49 
Brandon Montour          0  0  0  -1  2   1  0  0  0  0  0/0    20:00   6:18   0:00 
Brock Nelson             0  2  2   2  0   4  1  0  0  0  11/22  21:09   6:32   0:00 
Derek Stepan             0  1  1   1  0   1  0  0  0  0  6/12   11:02   0:00   1:28 
J.T. Compher             0  0  0   1  0   0  0  0  0  0  1/3    10:05   0:00   0:31 
Jaden Schwartz           0  0  0   0  0   1  1  0  0  0  0/0    21:24   5:23   0:00 
Jordie Benn              0  0  0  -1  0   0  1  1  0  0  0/0    14:11   0:00   0:28 
Kyle Palmieri            1  0  1   1  0   6  3  0  0  0  0/4    14:57   5:23   0:00 
Loui Eriksson            0  0  0  -1  0   0  0  0  0  0  0/0     5:54   0:00   0:00 
Michael Del Zotto        0  0  0   2  0   0  2  0  0  0  0/0    21:26   5:37   0:42 
Pierre-Edouard Bellemare 0  0  0  -1  0   0  0  1  0  0  1/3     5:54   0:00   0:00 
Reyley Smith             0  0  0   0  0   5  0  0  0  0  0/0    22:09   5:37   0:31 
Ron Hainsey              0  0  0   1  0   1  2  1  0  0  0/0    18:05   0:00   0:49 
Steven Stamkos           0  0  0   0  0   7  1  0  0  0  13/30  21:24   5:23   0:00 
Taylor Hall              2  0  2   2  0   5  1  0  0  0  0/1    22:37   6:32   1:28 

Players Stats for SASKATOON DUCKS

Player Name              G  A  P  +/- PIM S  H  SB GA TA FO     MP     PP MP  PK MP  
------------------------------------------------------------------------------------
Alex Goligoski           0  1  1   0  0   0  1  4  0  0  0/0    23:27   0:59   6:10 
Andrej Sekera            0  0  0  -1  0   1  0  2  0  0  0/0    14:30   0:00   2:10 
Anthony Duclair          0  0  0   0  0   1  0  0  0  0  0/0     8:22   0:59   0:00 
Artemi Panarin           0  0  0  -2  0   3  0  0  0  0  0/1    18:02   1:00   0:03 
Blake Comeau             0  0  0   0  4   1  2  0  0  0  0/0    13:23   0:00   3:02 
Jakub Vrana              0  1  1   0  2   0  1  0  0  0  1/1    18:44   0:00   0:00 
Jan Drozg                0  0  0   0  0   0  0  0  0  0  0/0     0:00   0:00   0:00 
Jason Spezza             0  0  0   0  0   1  0  0  0  0  10/20  15:08   0:00   4:46 
Joe Thornton             1  0  1   0  0   2  0  0  0  0  16/25  14:16   0:00   6:53 
Radko Gudas              0  0  0  -1  2   0  2  0  0  0  0/0    17:57   0:00   4:53 
Ryan Getzlaf             0  0  0  -2  0   1  0  0  0  0  10/16  17:58   0:59   0:00 
Ryan McDonagh            0  0  0   0  0   1  1  3  0  0  0/0    24:09   0:59   6:07 
Ryan Strome              0  0  0   0  2   1  0  0  0  0  1/1    12:20   0:59   0:00 
Samuel Girard            0  0  0  -1  0   0  0  1  0  0  0/0    17:43   1:00   0:00 
Sidney Crosby            0  0  0   0  0   5  0  1  0  0  8/12   12:22   1:00   0:00 
Warren Foegele           0  0  0   0  0   0  0  0  0  0  1/2    16:30   0:00   6:08 
William Nylander         0  0  0  -2  0   3  0  0  0  0  0/1    20:57   1:00   2:58 
Zdeno Chara              0  0  0  -1  2   0  1  2  0  0  0/0    22:12   1:00   4:30 

3 Stars

1 - Taylor Hall (LOB)
2 - Andreas Johnsson (LOB)
3 - Kyle Palmieri (LOB)

Power Play

LONG BEACH BARACUDAS - 0 on 6 Attempt(s) - 0,00%
SASKATOON DUCKS - 0 on 1 Attempt(s) - 0,00%

Penalty Kill

LONG BEACH BARACUDAS - 1 on 1 Attempt(s) - 100,00% - Score 0 goal in Penalty Kill
SASKATOON DUCKS - 6 on 6 Attempt(s) - 100,00% - Score 0 goal in Penalty Kill

Team Stat

LONG BEACH BARACUDAS - Hits : 18 - Faceoff Wins : 32 - Blocked Shots : 3 - Penalty Minutes : 2
SASKATOON DUCKS - Hits : 8 - Faceoff Wins : 47 - Blocked Shots : 13 - Penalty Minutes : 12

Official

Referees : Stephen Hiff and Gord Dwyer
Linesman : Pierre Racicot and Ryan Gibbons

Game Notes

No Game Note

Finance

Level 1 -- Attendance: 6600 (100,00%) -- Ticket Income 924 000 $
Level 2 -- Attendance: 5600 (100,00%) -- Ticket Income 532 000 $
Level 3 -- Attendance: 2200 (100,00%) -- Ticket Income 143 000 $
Level 4 -- Attendance: 4600 (100,00%) -- Ticket Income 207 000 $
Luxury Box -- Attendance: 1000 (100,00%) -- Ticket Income 260 000 $
Total Attendance: 20000 (100,00%)
Total Ticket Income: 2 066 000 $
Other Expense: 20 660 $
Total Income: 2 045 340 $

LONG BEACH BARACUDAS

5 vs 5 Forward 
   Center                   Left Wing                Right Wing               Time % Phy DF OF 
 1 Steven Stamkos           Jaden Schwartz           Reyley Smith             40     0   1  4  
 2 Brock Nelson             Taylor Hall              Andreas Johnsson         35     0   2  3  
 3 Derek Stepan             J.T. Compher             Kyle Palmieri            18     0   2  3  
 4 Pierre-Edouard Bellemare Alexandre Texier         Loui Eriksson            7      0   2  3  

5 vs 5 Defense 
   Defense                  Defense                                           Time % Phy DF OF 
 1 Alex Pietrangelo         Ron Hainsey                                       40     0   2  3  
 2 Ben Hutton               Michael Del Zotto                                 30     0   3  2  
 3 Jordie Benn              Brandon Montour                                   15     0   3  2  
 4 Ron Hainsey              Alex Pietrangelo                                  15     0   3  2  

PowerPlay Forward 
   Center                   Left Wing                Right Wing               Time % Phy DF OF 
 1 Steven Stamkos           Jaden Schwartz           Kyle Palmieri            51     0   0  5  
 2 Brock Nelson             Taylor Hall              Andreas Johnsson         49     0   0  5  

PowerPlay Defense
   Defense                  Defense                                           Time % Phy DF OF 
 1 Michael Del Zotto        Reyley Smith                                      55     0   1  4  
 2 Alex Pietrangelo         Brandon Montour                                   45     0   1  4  

Penalty Kill 4 Players Forward 
   Center                   Wing                     Time % Phy DF OF 
 1 Derek Stepan             Taylor Hall              60     0   3  2  
 2 J.T. Compher             Reyley Smith             40     0   3  2  

Penalty Kill 4 Players Defense
   Defense                  Defense                  Time % Phy DF OF 
 1 Ron Hainsey              Jordie Benn              55     0   3  2  
 2 Ben Hutton               Alex Pietrangelo         45     0   3  2  

Penalty Kill - 3 Players Forward 
   Forward                                           Time % Phy DF OF 
 1 Pierre-Edouard Bellemare                          55     1   4  0  
 2 Derek Stepan                                      45     1   4  0  

Penalty Kill - 3 Players Defense
   Defense                  Defense                  Time % Phy DF OF 
 1 Jordie Benn              Ron Hainsey              55     1   4  0  
 2 Ben Hutton               Michael Del Zotto        45     1   4  0  

4 vs 4 Forward 
   Center                   Wing                     Time % Phy DF OF 
 1 J.T. Compher             Jaden Schwartz           55     1   2  2  
 2 Derek Stepan             Reyley Smith             45     1   2  2  

4 vs 4 Defense
   Defense                  Defense                  Time % Phy DF OF 
 1 Ben Hutton               Brandon Montour          55     1   2  2  
 2 Alex Pietrangelo         Michael Del Zotto        45     1   2  2  

Last Minutes Offensive
   Center                   Left Wing                Right Wing               Defense                  Defense                  
   Steven Stamkos           Taylor Hall              Kyle Palmieri            Michael Del Zotto        Alex Pietrangelo         

Last Minutes Defensive
   Center                   Left Wing                Right Wing               Defense                  Defense                  
   Brock Nelson             Jaden Schwartz           Reyley Smith             Ron Hainsey              Michael Del Zotto        

Goaltenders
Starting : Jonathan Quick           
Backup : Brian Elliott            

Extra Forwards
Normal : Jaden Schwartz, Derek Stepan, J.T. Compher - PP : Reyley Smith, Kyle Palmieri - PK : J.T. Compher
Extra Defensemen
Normal : Ron Hainsey, Ben Hutton, Alex Pietrangelo - PP : Brandon Montour - PK : Ben Hutton, Ron Hainsey
Penalty Shots
Jaden Schwartz, Taylor Hall, Steven Stamkos, Brock Nelson, Reyley Smith
Custom OT Lines Forwards
Steven Stamkos, Taylor Hall, Jaden Schwartz, Kyle Palmieri, Reyley Smith, Brock Nelson, Derek Stepan, Alexandre Texier, J.T. Compher, Andreas Johnsson
Custom OT Lines Defensemen
Michael Del Zotto, Ben Hutton, Ron Hainsey, Alex Pietrangelo, Brandon Montour

Scratches
Mikael Granlund (Strained Left Elbow Injury), Zach Redmond (Healthy)

SASKATOON DUCKS

5 vs 5 Forward 
   Center                   Left Wing                Right Wing               Time % Phy DF OF 
 1 Ryan Getzlaf             Artemi Panarin           William Nylander         38     0   4  1  
 2 Sidney Crosby            Jakub Vrana              Ryan Strome              34     0   4  1  
 3 Joe Thornton             Jakub Vrana              Anthony Duclair          25     0   4  1  
 4 Jason Spezza             Blake Comeau             Warren Foegele           3      0   4  1  

5 vs 5 Defense 
   Defense                  Defense                                           Time % Phy DF OF 
 1 Alex Goligoski           Ryan McDonagh                                     42     0   4  1  
 2 Zdeno Chara              Samuel Girard                                     35     0   5  0  
 3 Radko Gudas              Andrej Sekera                                     23     0   5  0  
 4 Radko Gudas              Ryan McDonagh                                     0      1   2  2  

PowerPlay Forward 
   Center                   Left Wing                Right Wing               Time % Phy DF OF 
 1 Sidney Crosby            Artemi Panarin           William Nylander         50     0   0  5  
 2 Ryan Getzlaf             Anthony Duclair          Ryan Strome              50     0   0  5  

PowerPlay Defense
   Defense                  Defense                                           Time % Phy DF OF 
 1 Alex Goligoski           Ryan McDonagh                                     50     0   0  5  
 2 Zdeno Chara              Samuel Girard                                     50     0   3  2  

Penalty Kill 4 Players Forward 
   Center                   Wing                     Time % Phy DF OF 
 1 Joe Thornton             Warren Foegele           55     0   5  0  
 2 Jason Spezza             Blake Comeau             45     0   5  0  

Penalty Kill 4 Players Defense
   Defense                  Defense                  Time % Phy DF OF 
 1 Ryan McDonagh            Alex Goligoski           55     0   5  0  
 2 Zdeno Chara              Radko Gudas              45     0   5  0  

Penalty Kill - 3 Players Forward 
   Forward                                           Time % Phy DF OF 
 1 Joe Thornton                                      55     0   5  0  
 2 Jason Spezza                                      45     0   5  0  

Penalty Kill - 3 Players Defense
   Defense                  Defense                  Time % Phy DF OF 
 1 Alex Goligoski           Ryan McDonagh            55     0   5  0  
 2 Zdeno Chara              Radko Gudas              45     0   5  0  

4 vs 4 Forward 
   Center                   Wing                     Time % Phy DF OF 
 1 Ryan Getzlaf             William Nylander         50     1   2  2  
 2 Sidney Crosby            Artemi Panarin           50     1   2  2  

4 vs 4 Defense
   Defense                  Defense                  Time % Phy DF OF 
 1 Alex Goligoski           Ryan McDonagh            50     1   2  2  
 2 Zdeno Chara              Samuel Girard            50     1   2  2  

Last Minutes Offensive
   Center                   Left Wing                Right Wing               Defense                  Defense                  
   Sidney Crosby            Artemi Panarin           Ryan Strome              Samuel Girard            Alex Goligoski           

Last Minutes Defensive
   Center                   Left Wing                Right Wing               Defense                  Defense                  
   Sidney Crosby            Artemi Panarin           William Nylander         Alex Goligoski           Ryan McDonagh            

Goaltenders
Starting : Jordan Binnington        
Backup : Henrik Lundqvist         

Extra Forwards
Normal : Sidney Crosby, Artemi Panarin, Ryan Strome - PP : Ryan Getzlaf, Sidney Crosby - PK : William Nylander
Extra Defensemen
Normal : Alex Goligoski, Ryan McDonagh, Samuel Girard - PP : Alex Goligoski - PK : Andrej Sekera, Ryan McDonagh
Penalty Shots
Sidney Crosby, Artemi Panarin, William Nylander, Ryan Strome, Jakub Vrana
Custom OT Lines Forwards
Sidney Crosby, Artemi Panarin, Ryan Strome, William Nylander, Ryan Getzlaf, Joe Thornton, Jakub Vrana, Anthony Duclair, Warren Foegele, Blake Comeau
Custom OT Lines Defensemen
Alex Goligoski, Ryan McDonagh, Samuel Girard, Zdeno Chara, Andrej Sekera

Scratches
Dylan Strome (Unknown), Kailer Yamamoto (Strained Right Elbow Injury), Ryan Miller (Healthy)

% Time on Ice - LONG BEACH BARACUDAS

Lines # - Real PCT - Wanted PCT - Time Play
Normal Forward
1 - 35% - 40% - 16:01
2 - 32% - 35% - 14:37
3 - 21% - 18% - 9:34
4 - 13% - 7% - 5:54
Normal Defense
1 - 34% - 40% - 15:33
2 - 33% - 30% - 15:07
3 - 30% - 15% - 13:43
4 - 4% - 15% - 1:43
PP Forward
1 - 45% - 51% - 5:23
2 - 55% - 49% - 6:32
PP Defense
1 - 47% - 55% - 5:37
2 - 53% - 45% - 6:18
PK Forward
1 - 74% - 60% - 1:28
2 - 26% - 40% - 0:31
PK Defense
1 - 39% - 55% - 0:46
2 - 61% - 45% - 1:13
PK3 Forward
1 - 0% - 55%
2 - 0% - 45%
PK3 Defense
1 - 0% - 55%
2 - 0% - 45%
44 Forward
1 - 0% - 55%
2 - 0% - 45%
44 Defense
1 - 0% - 55%
2 - 0% - 45%
Last Minute Offensive  - 0:00
Last Minute Defensive  - 0:00
Total
Forward - 60:00
Defense - 60:00

% Time on Ice - SASKATOON DUCKS

Lines # - Real PCT - Wanted PCT - Time Play
Normal Forward
1 - 37% - 38% - 16:59
2 - 25% - 34% - 11:22
3 - 16% - 25% - 7:23
4 - 22% - 3% - 10:22
Normal Defense
1 - 35% - 42% - 16:18
2 - 36% - 35% - 16:43
3 - 27% - 23% - 12:20
4 - 2% - 0% - 0:45
PP Forward
1 - 50% - 50% - 1:00
2 - 50% - 50% - 0:59
PP Defense
1 - 50% - 50% - 0:59
2 - 50% - 50% - 1:00
PK Forward
1 - 60% - 55% - 7:09
2 - 40% - 45% - 4:46
PK Defense
1 - 51% - 55% - 6:07
2 - 49% - 45% - 5:48
PK3 Forward
1 - 0% - 55%
2 - 0% - 45%
PK3 Defense
1 - 0% - 55%
2 - 0% - 45%
44 Forward
1 - 0% - 50%
2 - 0% - 50%
44 Defense
1 - 0% - 50%
2 - 0% - 50%
Last Minute Offensive  - 0:00
Last Minute Defensive  - 0:00
Total
Forward - 60:00
Defense - 60:00

Play-by-Play

1st period


0:01 of 1st period - Ryan Getzlaf wins face-off versus Steven Stamkos in neutral zone.
0:11 of 1st period - Artemi Panarin is hit by Ron Hainsey and loses puck.
0:20 of 1st period - Shot by Artemi Panarin.
0:20 of 1st period - Stopped by Jonathan Quick without a rebound.
0:21 of 1st period - Ryan Strome wins face-off versus Brock Nelson in LONG BEACH BARACUDAS zone.
0:57 of 1st period - Off-side.
0:58 of 1st period - Jason Spezza wins face-off versus Derek Stepan in neutral zone.
1:08 of 1st period - Icing by Brandon Montour.
1:09 of 1st period - Ryan Getzlaf wins face-off versus J.T. Compher in LONG BEACH BARACUDAS zone.
1:16 of 1st period - Shot by Artemi Panarin.
1:16 of 1st period - Stopped by Jonathan Quick without a rebound.
1:17 of 1st period - Joe Thornton wins face-off versus Steven Stamkos in LONG BEACH BARACUDAS zone.
1:22 of 1st period - Shot by Jakub Vrana.
1:22 of 1st period - Shot Blocked by Ron Hainsey.
1:24 of 1st period - Shot by Andrej Sekera.
1:24 of 1st period - Shot Misses the Net.
1:26 of 1st period - Shot by Radko Gudas.
1:26 of 1st period - Shot Misses the Net.
1:53 of 1st period - Jakub Vrana is hit by Alex Pietrangelo and loses puck.
3:20 of 1st period - Icing by Zdeno Chara.
3:21 of 1st period - Jason Spezza wins face-off versus Brock Nelson in SASKATOON DUCKS zone.
3:21 of 1st period - Jason Spezza is hit by Andreas Johnsson.
3:34 of 1st period - Icing by Taylor Hall.
3:35 of 1st period - Sidney Crosby wins face-off versus Andreas Johnsson in LONG BEACH BARACUDAS zone.
3:35 of 1st period - Sidney Crosby is hit by Jordie Benn.
3:41 of 1st period - Shot by Sidney Crosby.
3:41 of 1st period - Stopped by Jonathan Quick without a rebound.
3:42 of 1st period - Derek Stepan wins face-off versus Sidney Crosby in LONG BEACH BARACUDAS zone.
5:06 of 1st period - Taylor Hall is hit by Zdeno Chara and loses puck.
5:42 of 1st period - Brock Nelson is hit by Radko Gudas and loses puck.
6:03 of 1st period - Shot by Jason Spezza.
6:03 of 1st period - Deflect By Blake Comeau.
6:03 of 1st period - Stopped by Jonathan Quick without a rebound.
6:04 of 1st period - Steven Stamkos wins face-off versus Joe Thornton in LONG BEACH BARACUDAS zone.
6:11 of 1st period - Shot by Reyley Smith.
6:11 of 1st period - Stopped by Jordan Binnington with a rebound.
6:13 of 1st period - Shot by Steven Stamkos.
6:13 of 1st period - Stopped by Jordan Binnington without a rebound.
6:14 of 1st period - Joe Thornton wins face-off versus Steven Stamkos in SASKATOON DUCKS zone.
6:26 of 1st period - Shot by Anthony Duclair.
6:26 of 1st period - Stopped by Jonathan Quick without a rebound.
6:27 of 1st period - Ryan Getzlaf wins face-off versus J.T. Compher in LONG BEACH BARACUDAS zone.
8:39 of 1st period - Shot by Taylor Hall.
8:39 of 1st period - Shot Blocked by Alex Goligoski.
8:51 of 1st period - Shot by Brock Nelson.
8:51 of 1st period - Shot Blocked by Sidney Crosby.
8:53 of 1st period - Shot by Taylor Hall.
8:53 of 1st period - Deflect By Brock Nelson.
8:53 of 1st period - Stopped by Jordan Binnington without a rebound.
8:54 of 1st period - Pierre-Edouard Bellemare wins face-off versus Jason Spezza in SASKATOON DUCKS zone.
9:29 of 1st period - Shot by Pierre-Edouard Bellemare.
9:29 of 1st period - Shot Misses the Net.
9:48 of 1st period - Off-side.
9:49 of 1st period - Joe Thornton wins face-off versus Andreas Johnsson in neutral zone.
10:15 of 1st period - Shot by Joe Thornton.
10:15 of 1st period - Stopped by Jonathan Quick without a rebound.
10:16 of 1st period - Sidney Crosby wins face-off versus Steven Stamkos in LONG BEACH BARACUDAS zone.
10:17 of 1st period - Shot by Ryan Strome.
10:17 of 1st period - Stopped by Jonathan Quick without a rebound.
10:18 of 1st period - Sidney Crosby wins face-off versus Steven Stamkos in LONG BEACH BARACUDAS zone.
10:42 of 1st period - Shot by Steven Stamkos.
10:42 of 1st period - Shot Misses the Net.
11:44 of 1st period - Shot by Ryan Getzlaf.
11:44 of 1st period - Stopped by Jonathan Quick without a rebound.
11:45 of 1st period - Jason Spezza wins face-off versus Derek Stepan in LONG BEACH BARACUDAS zone.
11:48 of 1st period - Shot by Jason Spezza.
11:48 of 1st period - Stopped by Jonathan Quick without a rebound.
11:49 of 1st period - Jason Spezza wins face-off versus Derek Stepan in LONG BEACH BARACUDAS zone.
12:03 of 1st period - Kyle Palmieri is hit by Blake Comeau and loses puck.
12:18 of 1st period - Double Minor Penalty to Blake Comeau for High sticking.
12:19 of 1st period - Joe Thornton wins face-off versus Andreas Johnsson in SASKATOON DUCKS zone.
12:51 of 1st period - Shot by Brock Nelson.
12:51 of 1st period - Stopped by Jordan Binnington without a rebound.
12:52 of 1st period - Joe Thornton wins face-off versus Steven Stamkos in SASKATOON DUCKS zone.
14:27 of 1st period - Shot by Andreas Johnsson.
14:27 of 1st period - Stopped by Jordan Binnington without a rebound.
14:28 of 1st period - Steven Stamkos wins face-off versus Joe Thornton in SASKATOON DUCKS zone.
14:51 of 1st period - Shot by Steven Stamkos.
14:51 of 1st period - Stopped by Jordan Binnington without a rebound.
14:52 of 1st period - Brock Nelson wins face-off versus Joe Thornton in SASKATOON DUCKS zone.
14:57 of 1st period - Shot by Taylor Hall.
14:57 of 1st period - Stopped by Jordan Binnington without a rebound.
14:58 of 1st period - Brock Nelson wins face-off versus Joe Thornton in SASKATOON DUCKS zone.
15:06 of 1st period - Shot by Reyley Smith.
15:06 of 1st period - Stopped by Jordan Binnington without a rebound.
15:07 of 1st period - Steven Stamkos wins face-off versus Warren Foegele in SASKATOON DUCKS zone.
15:14 of 1st period - Shot by Reyley Smith.
15:14 of 1st period - Stopped by Jordan Binnington without a rebound.
15:15 of 1st period - Joe Thornton wins face-off versus Brock Nelson in SASKATOON DUCKS zone.
15:15 of 1st period - Joe Thornton is hit by Andreas Johnsson.
15:22 of 1st period - Icing by Andreas Johnsson.
15:23 of 1st period - Joe Thornton wins face-off versus Brock Nelson in LONG BEACH BARACUDAS zone.
15:44 of 1st period - Shot by Brock Nelson.
15:44 of 1st period - Shot Misses the Net.
16:25 of 1st period - Radko Gudas is hit by Steven Stamkos and loses puck.
17:27 of 1st period - Shot by Kyle Palmieri.
17:27 of 1st period - Shot Blocked by Alex Goligoski.
17:29 of 1st period - Shot by Derek Stepan.
17:29 of 1st period - Shot Blocked by Alex Goligoski.
17:31 of 1st period - Shot by Alex Pietrangelo.
17:31 of 1st period - Shot Blocked by Ryan McDonagh.
17:33 of 1st period - Shot by Kyle Palmieri.
17:33 of 1st period - Goal by Kyle Palmieri - LONG BEACH BARACUDAS : 1 - SASKATOON DUCKS : 0.
17:34 of 1st period - Warren Foegele wins face-off versus Pierre-Edouard Bellemare in neutral zone.
18:43 of 1st period - Shot by Jakub Vrana.
18:43 of 1st period - Shot Misses the Net.
18:45 of 1st period - Shot by Joe Thornton.
18:45 of 1st period - Goal by Joe Thornton - LONG BEACH BARACUDAS : 1 - SASKATOON DUCKS : 1.
18:46 of 1st period - Ryan Getzlaf wins face-off versus Steven Stamkos in neutral zone.
19:49 of 1st period - Shot by Joe Thornton.
19:49 of 1st period - Shot Misses the Net.
Goals for this period are 1 for LONG BEACH BARACUDAS vs 1 for SASKATOON DUCKS.
Shots for this period are 10 for LONG BEACH BARACUDAS vs 10 for SASKATOON DUCKS.

2nd period


0:01 of 2nd period - Steven Stamkos wins face-off versus Sidney Crosby in neutral zone.
0:12 of 2nd period - Minor Penalty to Jakub Vrana for Cross-checking.
0:13 of 2nd period - Joe Thornton wins face-off versus Taylor Hall in SASKATOON DUCKS zone.
0:13 of 2nd period - Joe Thornton is hit by Taylor Hall.
0:29 of 2nd period - Shot by Brock Nelson.
0:29 of 2nd period - Stopped by Jordan Binnington with a rebound.
0:31 of 2nd period - Shot by Andreas Johnsson.
0:31 of 2nd period - Shot Blocked by Alex Goligoski.
0:56 of 2nd period - Off-side.
0:57 of 2nd period - Jason Spezza wins face-off versus Steven Stamkos in neutral zone.
1:03 of 2nd period - Icing by Steven Stamkos.
1:04 of 2nd period - Steven Stamkos wins face-off versus Joe Thornton in LONG BEACH BARACUDAS zone.
1:06 of 2nd period - Icing by Alex Pietrangelo.
1:07 of 2nd period - Joe Thornton wins face-off versus Kyle Palmieri in LONG BEACH BARACUDAS zone.
1:26 of 2nd period - Shot by Jaden Schwartz.
1:26 of 2nd period - Stopped by Jordan Binnington without a rebound.
1:27 of 2nd period - Jason Spezza wins face-off versus Brock Nelson in SASKATOON DUCKS zone.
1:35 of 2nd period - Off-side.
1:36 of 2nd period - Jason Spezza wins face-off versus Steven Stamkos in neutral zone.
1:51 of 2nd period - Shot by Steven Stamkos.
1:51 of 2nd period - Deflect By Kyle Palmieri.
1:51 of 2nd period - Stopped by Jordan Binnington without a rebound.
1:52 of 2nd period - Brock Nelson wins face-off versus Jason Spezza in SASKATOON DUCKS zone.
2:11 of 2nd period - Shot by Taylor Hall.
2:11 of 2nd period - Deflect By Brock Nelson.
2:11 of 2nd period - Stopped by Jordan Binnington without a rebound.
2:12 of 2nd period - Sidney Crosby wins face-off versus Steven Stamkos in SASKATOON DUCKS zone.
2:14 of 2nd period - Icing by Ryan Strome.
2:15 of 2nd period - Sidney Crosby wins face-off versus Brock Nelson in SASKATOON DUCKS zone.
2:48 of 2nd period - Shot by Andreas Johnsson.
2:48 of 2nd period - Shot Blocked by Zdeno Chara.
3:23 of 2nd period - Shot by Reyley Smith.
3:23 of 2nd period - Shot Misses the Net.
3:39 of 2nd period - Shot by Reyley Smith.
3:39 of 2nd period - Stopped by Jordan Binnington without a rebound.
3:40 of 2nd period - Derek Stepan wins face-off versus Jason Spezza in SASKATOON DUCKS zone.
3:46 of 2nd period - Kyle Palmieri is hit by Radko Gudas and loses puck.
3:49 of 2nd period - Shot by Brandon Montour.
3:49 of 2nd period - Stopped by Jordan Binnington without a rebound.
3:50 of 2nd period - Derek Stepan wins face-off versus Ryan Getzlaf in SASKATOON DUCKS zone.
3:50 of 2nd period - Kyle Palmieri is hit by Alex Goligoski and loses puck.
4:38 of 2nd period - Icing by Brandon Montour.
4:39 of 2nd period - Derek Stepan wins face-off versus Joe Thornton in LONG BEACH BARACUDAS zone.
5:08 of 2nd period - Shot by Reyley Smith.
5:08 of 2nd period - Shot Blocked by Zdeno Chara.
5:51 of 2nd period - Shot by Taylor Hall.
5:51 of 2nd period - Stopped by Jordan Binnington without a rebound.
5:51 of 2nd period - Minor Penalty to Radko Gudas for Hooking.
5:52 of 2nd period - Brock Nelson wins face-off versus Joe Thornton in SASKATOON DUCKS zone.
6:10 of 2nd period - Shot by Andreas Johnsson.
6:10 of 2nd period - Shot Misses the Net.
6:57 of 2nd period - Zdeno Chara is hit by Jaden Schwartz and loses puck.
7:12 of 2nd period - Shot by Steven Stamkos.
7:12 of 2nd period - Stopped by Jordan Binnington without a rebound.
7:13 of 2nd period - Jason Spezza wins face-off versus Kyle Palmieri in SASKATOON DUCKS zone.
7:13 of 2nd period - Jason Spezza is hit by Kyle Palmieri.
7:39 of 2nd period - Andrej Sekera is hit by Kyle Palmieri and loses puck.
8:11 of 2nd period - Shot by Alexandre Texier.
8:11 of 2nd period - Shot Blocked by Ryan McDonagh.
8:38 of 2nd period - Icing by Pierre-Edouard Bellemare.
8:39 of 2nd period - Ryan Getzlaf wins face-off versus Pierre-Edouard Bellemare in LONG BEACH BARACUDAS zone.
8:56 of 2nd period - Artemi Panarin is hit by Michael Del Zotto and loses puck.
8:59 of 2nd period - Shot by William Nylander.
8:59 of 2nd period - Shot Misses the Net.
9:03 of 2nd period - Shot by William Nylander.
9:03 of 2nd period - Shot Misses the Net.
9:05 of 2nd period - Shot by William Nylander.
9:05 of 2nd period - Stopped by Jonathan Quick without a rebound.
9:06 of 2nd period - Brock Nelson wins face-off versus Jason Spezza in LONG BEACH BARACUDAS zone.
9:17 of 2nd period - Shot by Taylor Hall.
9:17 of 2nd period - Shot Misses the Net.
9:22 of 2nd period - Off-side.
9:23 of 2nd period - Steven Stamkos wins face-off versus Joe Thornton in neutral zone.
10:57 of 2nd period - William Nylander is hit by Ron Hainsey and loses puck.
11:15 of 2nd period - Blake Comeau is hit by Alex Pietrangelo and loses puck.
11:23 of 2nd period - Andrej Sekera is hit by Alex Pietrangelo and loses puck.
12:58 of 2nd period - Shot by Artemi Panarin.
12:58 of 2nd period - Shot Misses the Net.
13:00 of 2nd period - Shot by Ryan McDonagh.
13:00 of 2nd period - Stopped by Jonathan Quick without a rebound.
13:01 of 2nd period - Steven Stamkos wins face-off versus Ryan Getzlaf in LONG BEACH BARACUDAS zone.
13:08 of 2nd period - Shot by Artemi Panarin.
13:08 of 2nd period - Shot Misses the Net.
13:10 of 2nd period - Shot by Artemi Panarin.
13:10 of 2nd period - Shot Blocked by Jordie Benn.
14:52 of 2nd period - Icing by Zdeno Chara.
14:53 of 2nd period - Jason Spezza wins face-off versus Brock Nelson in SASKATOON DUCKS zone.
15:03 of 2nd period - Icing by Taylor Hall.
15:04 of 2nd period - Ryan Getzlaf wins face-off versus Brock Nelson in LONG BEACH BARACUDAS zone.
15:33 of 2nd period - Icing by Alex Pietrangelo.
15:34 of 2nd period - Brock Nelson wins face-off versus Sidney Crosby in LONG BEACH BARACUDAS zone.
15:34 of 2nd period - Brock Nelson is hit by Jakub Vrana.
15:58 of 2nd period - Shot by Andreas Johnsson.
15:58 of 2nd period - Shot Misses the Net.
16:00 of 2nd period - Shot by Andreas Johnsson.
16:00 of 2nd period - Shot Misses the Net.
16:14 of 2nd period - Shot by Kyle Palmieri.
16:14 of 2nd period - Stopped by Jordan Binnington without a rebound.
16:15 of 2nd period - Ryan Getzlaf wins face-off versus Derek Stepan in SASKATOON DUCKS zone.
16:24 of 2nd period - Shot by Kyle Palmieri.
16:24 of 2nd period - Shot Blocked by Samuel Girard.
16:59 of 2nd period - Shot by Kyle Palmieri.
16:59 of 2nd period - Deflect By Derek Stepan.
16:59 of 2nd period - Shot Misses the Net.
17:40 of 2nd period - Shot by Steven Stamkos.
17:40 of 2nd period - Stopped by Jordan Binnington with a rebound.
17:42 of 2nd period - Shot by Jaden Schwartz.
17:42 of 2nd period - Shot Misses the Net.
17:57 of 2nd period - Icing by Jason Spezza.
17:58 of 2nd period - Brock Nelson wins face-off versus Jason Spezza in SASKATOON DUCKS zone.
18:21 of 2nd period - Shot by Brock Nelson.
18:21 of 2nd period - Shot Misses the Net.
19:07 of 2nd period - Shot by Kyle Palmieri.
19:07 of 2nd period - Stopped by Jordan Binnington without a rebound.
19:08 of 2nd period - Steven Stamkos wins face-off versus Ryan Getzlaf in SASKATOON DUCKS zone.
19:22 of 2nd period - Icing by William Nylander.
19:23 of 2nd period - Derek Stepan wins face-off versus William Nylander in SASKATOON DUCKS zone.
19:44 of 2nd period - Shot by William Nylander.
19:44 of 2nd period - Deflect By Artemi Panarin.
19:44 of 2nd period - Stopped by Jonathan Quick with a rebound.
19:52 of 2nd period - Shot by Ryan Getzlaf.
19:52 of 2nd period - Shot Misses the Net.
19:56 of 2nd period - Shot by William Nylander.
19:56 of 2nd period - Shot Misses the Net.
19:58 of 2nd period - Shot by William Nylander.
19:58 of 2nd period - Stopped by Jonathan Quick without a rebound.
19:59 of 2nd period - Jakub Vrana wins face-off versus Steven Stamkos in LONG BEACH BARACUDAS zone.
Goals for this period are 0 for LONG BEACH BARACUDAS vs 0 for SASKATOON DUCKS.
Shots for this period are 11 for LONG BEACH BARACUDAS vs 4 for SASKATOON DUCKS.

3rd period


0:01 of 3rd period - Sidney Crosby wins face-off versus Steven Stamkos in neutral zone.
0:20 of 3rd period - Shot by Steven Stamkos.
0:20 of 3rd period - Stopped by Jordan Binnington with a rebound.
0:22 of 3rd period - Shot by Reyley Smith.
0:22 of 3rd period - Deflect By Steven Stamkos.
0:22 of 3rd period - Stopped by Jordan Binnington with a rebound.
0:24 of 3rd period - Shot by Ron Hainsey.
0:24 of 3rd period - Deflect By Steven Stamkos.
0:24 of 3rd period - Shot Blocked by Ryan McDonagh.
0:28 of 3rd period - Shot by Reyley Smith.
0:28 of 3rd period - Shot Misses the Net.
0:30 of 3rd period - Shot by Reyley Smith.
0:30 of 3rd period - Shot Misses the Net.
0:32 of 3rd period - Shot by Ron Hainsey.
0:32 of 3rd period - Stopped by Jordan Binnington without a rebound.
0:33 of 3rd period - Brock Nelson wins face-off versus Artemi Panarin in SASKATOON DUCKS zone.
0:44 of 3rd period - Shot by Taylor Hall.
0:44 of 3rd period - Stopped by Jordan Binnington without a rebound.
0:45 of 3rd period - Ryan Getzlaf wins face-off versus Derek Stepan in SASKATOON DUCKS zone.
1:05 of 3rd period - Shot by Kyle Palmieri.
1:05 of 3rd period - Shot Blocked by Andrej Sekera.
1:11 of 3rd period - Shot by Derek Stepan.
1:11 of 3rd period - Stopped by Jordan Binnington with a rebound.
1:57 of 3rd period - Ryan McDonagh is hit by Kyle Palmieri and loses puck.
2:15 of 3rd period - Off-side.
2:16 of 3rd period - Brock Nelson wins face-off versus Jason Spezza in neutral zone.
2:21 of 3rd period - Zdeno Chara is hit by Brock Nelson.
2:31 of 3rd period - Shot by Blake Comeau.
2:31 of 3rd period - Shot Misses the Net.
4:20 of 3rd period - Shot by William Nylander.
4:20 of 3rd period - Stopped by Jonathan Quick with a rebound.
4:22 of 3rd period - Shot by Andrej Sekera.
4:22 of 3rd period - Stopped by Jonathan Quick with a rebound.
4:24 of 3rd period - Shot by Andrej Sekera.
4:24 of 3rd period - Shot Misses the Net.
4:26 of 3rd period - Shot by Artemi Panarin.
4:26 of 3rd period - Shot Blocked by Pierre-Edouard Bellemare.
4:29 of 3rd period - Minor Penalty to Brandon Montour for Roughing.
4:30 of 3rd period - Sidney Crosby wins face-off versus Derek Stepan in LONG BEACH BARACUDAS zone.
6:15 of 3rd period - Shot by Sidney Crosby.
6:15 of 3rd period - Stopped by Jonathan Quick without a rebound.
6:16 of 3rd period - J.T. Compher wins face-off versus Ryan Getzlaf in LONG BEACH BARACUDAS zone.
6:38 of 3rd period - Shot by Ben Hutton.
6:38 of 3rd period - Stopped by Jordan Binnington without a rebound.
6:39 of 3rd period - Steven Stamkos wins face-off versus Jason Spezza in SASKATOON DUCKS zone.
6:46 of 3rd period - Shot by Steven Stamkos.
6:46 of 3rd period - Shot Misses the Net.
7:04 of 3rd period - Icing by Reyley Smith.
7:05 of 3rd period - Steven Stamkos wins face-off versus Sidney Crosby in LONG BEACH BARACUDAS zone.
7:15 of 3rd period - Minor Penalty to Ryan Strome for Hooking.
7:16 of 3rd period - Brock Nelson wins face-off versus Joe Thornton in SASKATOON DUCKS zone.
7:42 of 3rd period - Shot by Andreas Johnsson.
7:42 of 3rd period - Stopped by Jordan Binnington without a rebound.
7:43 of 3rd period - Steven Stamkos wins face-off versus Jason Spezza in SASKATOON DUCKS zone.
8:18 of 3rd period - Shot by Alex Pietrangelo.
8:18 of 3rd period - Stopped by Jordan Binnington with a rebound.
8:26 of 3rd period - Shot by Steven Stamkos.
8:26 of 3rd period - Shot Misses the Net.
8:28 of 3rd period - Shot by Jaden Schwartz.
8:28 of 3rd period - Shot Misses the Net.
8:30 of 3rd period - Shot by Alex Pietrangelo.
8:30 of 3rd period - Shot Misses the Net.
9:07 of 3rd period - Shot by Reyley Smith.
9:07 of 3rd period - Shot Misses the Net.
9:09 of 3rd period - Shot by Reyley Smith.
9:09 of 3rd period - Shot Misses the Net.
10:04 of 3rd period - Off-side.
10:05 of 3rd period - Steven Stamkos wins face-off versus Ryan Getzlaf in neutral zone.
10:32 of 3rd period - Shot by Steven Stamkos.
10:32 of 3rd period - Shot Misses the Net.
10:35 of 3rd period - Icing by Alex Goligoski.
10:36 of 3rd period - Brock Nelson wins face-off versus Ryan Getzlaf in SASKATOON DUCKS zone.
10:56 of 3rd period - Shot by William Nylander.
10:56 of 3rd period - Shot Misses the Net.
11:21 of 3rd period - Shot by Jakub Vrana.
11:21 of 3rd period - Deflect By Sidney Crosby.
11:21 of 3rd period - Stopped by Jonathan Quick without a rebound.
11:22 of 3rd period - Joe Thornton wins face-off versus Steven Stamkos in LONG BEACH BARACUDAS zone.
12:02 of 3rd period - Shot by Steven Stamkos.
12:02 of 3rd period - Stopped by Jordan Binnington without a rebound.
12:03 of 3rd period - Ryan Getzlaf wins face-off versus Kyle Palmieri in SASKATOON DUCKS zone.
12:22 of 3rd period - Shot by J.T. Compher.
12:22 of 3rd period - Shot Misses the Net.
12:24 of 3rd period - Shot by Derek Stepan.
12:24 of 3rd period - Shot Blocked by Andrej Sekera.
12:28 of 3rd period - Shot by Kyle Palmieri.
12:28 of 3rd period - Stopped by Jordan Binnington with a rebound.
12:32 of 3rd period - Shot by Derek Stepan.
12:32 of 3rd period - Shot Misses the Net.
12:34 of 3rd period - Shot by J.T. Compher.
12:34 of 3rd period - Shot Misses the Net.
12:36 of 3rd period - Shot by Kyle Palmieri.
12:36 of 3rd period - Shot Misses the Net.
13:30 of 3rd period - Shot by Brock Nelson.
13:30 of 3rd period - Shot Misses the Net.
13:32 of 3rd period - Shot by Taylor Hall.
13:32 of 3rd period - Goal by Taylor Hall - LONG BEACH BARACUDAS : 2 - SASKATOON DUCKS : 1.
13:33 of 3rd period - Sidney Crosby wins face-off versus Steven Stamkos in neutral zone.
13:38 of 3rd period - Shot by Sidney Crosby.
13:38 of 3rd period - Stopped by Jonathan Quick with a rebound.
14:00 of 3rd period - Shot by Sidney Crosby.
14:00 of 3rd period - Stopped by Jonathan Quick without a rebound.
14:01 of 3rd period - Derek Stepan wins face-off versus Jason Spezza in LONG BEACH BARACUDAS zone.
14:01 of 3rd period - Derek Stepan is hit by Blake Comeau.
14:07 of 3rd period - Shot by Kyle Palmieri.
14:07 of 3rd period - Stopped by Jordan Binnington without a rebound.
14:08 of 3rd period - Joe Thornton wins face-off versus Brock Nelson in SASKATOON DUCKS zone.
14:19 of 3rd period - Shot by Taylor Hall.
14:19 of 3rd period - Shot Misses the Net.
14:27 of 3rd period - Shot by Taylor Hall.
14:27 of 3rd period - Goal by Taylor Hall - LONG BEACH BARACUDAS : 3 - SASKATOON DUCKS : 1.
14:28 of 3rd period - Steven Stamkos wins face-off versus Jason Spezza in neutral zone.
15:43 of 3rd period - Brock Nelson is hit by Ryan McDonagh and loses puck.
16:19 of 3rd period - Minor Penalty to Zdeno Chara for Hooking.
16:20 of 3rd period - Joe Thornton wins face-off versus Steven Stamkos in SASKATOON DUCKS zone.
16:52 of 3rd period - Icing by Brandon Montour.
16:53 of 3rd period - Joe Thornton wins face-off versus Steven Stamkos in LONG BEACH BARACUDAS zone.
16:58 of 3rd period - Shot by Joe Thornton.
16:58 of 3rd period - Shot Misses the Net.
17:01 of 3rd period - Icing by Brandon Montour.
17:02 of 3rd period - Joe Thornton wins face-off versus Kyle Palmieri in LONG BEACH BARACUDAS zone.
17:02 of 3rd period - Joe Thornton is hit by Alex Pietrangelo.
17:46 of 3rd period - Shot by Andreas Johnsson.
17:46 of 3rd period - Stopped by Jordan Binnington without a rebound.
17:47 of 3rd period - Jason Spezza wins face-off versus Brock Nelson in SASKATOON DUCKS zone.
17:58 of 3rd period - Shot by Andreas Johnsson.
17:58 of 3rd period - Shot Misses the Net.
18:00 of 3rd period - Shot by Reyley Smith.
18:00 of 3rd period - Stopped by Jordan Binnington without a rebound.
18:01 of 3rd period - Joe Thornton wins face-off versus Steven Stamkos in SASKATOON DUCKS zone.
18:09 of 3rd period - Off-side.
18:10 of 3rd period - Joe Thornton wins face-off versus Andreas Johnsson in neutral zone.
18:23 of 3rd period - Shot by Ryan Strome.
18:23 of 3rd period - Deflect By Sidney Crosby.
18:23 of 3rd period - Shot Misses the Net.
18:32 of 3rd period - Off-side.
18:33 of 3rd period - Ryan Getzlaf wins face-off versus Brock Nelson in neutral zone.
18:53 of 3rd period - William Nylander is hit by Michael Del Zotto and loses puck.
Goals for this period are 2 for LONG BEACH BARACUDAS vs 0 for SASKATOON DUCKS.
Shots for this period are 15 for LONG BEACH BARACUDAS vs 6 for SASKATOON DUCKS.


RYAN
NUGENT-HOPKINS
THATCHER
DEMKO
MITCHELL
MARNER

EAST COAST

HOCKEY LEAGUE

  • 13.MAN3PIT5
  • 14.NHW2ATL3
  • 15.PET5WOR4
  • 16.RHI30
  • 17.QUECHI
  • 18.CHALIM
  • 19.TRVLON
  • 20.CHWBAL